 Dungeon Crawl Stone Soup version 0.21-a0-352-g5b8f553 (webtiles) character file.

230 tidbits the Charmwright (level 6, 50/50 HPs)
             Began as a Gnoll Skald on Oct 10, 2017.
             Quit the game on level 3 of the Dungeon.
             The game lasted 00:04:02 (822 turns).

tidbits the Charmwright (Gnoll Skald)                Turns: 822, Time: 00:04:03

Health: 50/50      AC:  5    Str: 14    XL:     6   Next: 3%
Magic:  13/13      EV: 13    Int: 17    God:
Gold:   134        SH:  0    Dex: 14    Spells: 4/15 levels left

rFire    . . .     SeeInvis +   a - +0 hand axe
rCold    . . .     Gourm    .   (no shield)
rNeg     . . .     Faith    .   B - +0 ring mail
rPois    .         Spirit   .   (no helmet)
rElec    .         Reflect  .   (no cloak)
rCorr    .         Harm     .   (no gloves)
MR       .....                  (no boots)
Stlth    +.........             (no amulet)
HPRegen  0.16/turn              k - ring of see invisible
MPRegen  0.13/turn              (no ring)

@: no status effects
A: distributed training, fangs 1, strong nose
a: no special abilities


You were on level 3 of the Dungeon.
You were not hungry.

You visited 1 branch of the dungeon, and saw 4 of its levels.

You collected 134 gold pieces.

Inventory:

Hand Weapons
 a - a +0 hand axe (weapon)
 n - a +0 mace
 o - a +2 dagger of venom
   (You took it off a kobold on level 2 of the Dungeon)
Missiles
 p - 4 javelins (quivered)
Armour
 b - a +0 leather armour
 e - a +0 large shield
 B - a +0 ring mail (worn)
Jewellery
 k - a ring of see invisible (left hand)
   (You found it on level 3 of the Dungeon)
Wands
 j - a wand of lightning (4/15)
Scrolls
 f - a scroll of identify {unknown}
 g - a scroll of remove curse {unknown}
 r - a scroll of blinking {unknown}
Potions
 h - 2 potions of heal wounds
 i - a potion of flight {unknown}
 q - a potion of curing {unknown}
Books
 c - a book of Battle

   Spells                             Type                      Level
   a - Infusion                       Charms                       1
   b - Shroud of Golubria             Charms/Translocation         2
   c - Song of Slaying                Charms                       2
   d - Spectral Weapon                Hexes/Charms                 3
   e - Regeneration                   Charms/Necromancy            3
Comestibles
 d - a bread ration
 l - a meat ration
 m - 5 fruits


   Skills:
 + Level 4.9 Fighting
 + Level 1.7 Short Blades
 + Level 1.7 Long Blades
 + Level 4.9 Axes
 + Level 1.7 Maces & Flails
 + Level 1.7 Polearms
 + Level 1.7 Staves
 + Level 1.7 Slings
 + Level 1.7 Bows
 + Level 1.7 Crossbows
 + Level 1.7 Throwing
 + Level 3.1 Armour
 + Level 4.9 Dodging
 + Level 1.7 Stealth
 + Level 1.7 Shields
 + Level 1.7 Unarmed Combat
 + Level 5.2 Spellcasting
 + Level 1.7 Conjurations
 + Level 1.7 Hexes
 + Level 6.7 Charms
 + Level 1.7 Summonings
 + Level 1.7 Necromancy
 + Level 1.7 Translocations
 + Level 1.7 Transmutations
 + Level 1.7 Fire Magic
 + Level 1.7 Ice Magic
 + Level 1.7 Air Magic
 + Level 1.7 Earth Magic
 + Level 1.7 Poison Magic
 + Level 1.7 Invocations
 + Level 1.7 Evocations


You had 4 spell levels left.
You knew the following spells:

 Your Spells              Type           Power        Failure   Level  Hunger
g - Shroud of Golubria    Chrm/Tloc      ###.......   7%          2    #......
i - Infusion              Chrm           ####         1%          1    None
r - Regeneration          Chrm/Necr      ###.......   14%         3    ###....
w - Spectral Weapon       Hex/Chrm       ###.....     14%         3    ###....
y - Song of Slaying       Chrm           ####....     2%          2    #......


Dungeon Overview and Level Annotations

Branches:
Dungeon (4/15)
 Temple: D:4-7

Altars:

Annotations:
D:4 Pikel


Innate Abilities, Weirdness & Mutations

Your experience applies equally to all skills.
You have very sharp teeth.
Your uncanny sense of smell can sniff out nearby items.


Message History

Your skin is crawling a little less now.
Your magical contamination has completely faded away.
Your skin stops crawling.
There is a stone staircase leading up here.
The leopard gecko closely misses you. The leopard gecko bites you.
You climb upwards.
There is a stone staircase leading down here.
You miss the leopard gecko.
The leopard gecko bites you but does no damage.
You hit the leopard gecko.
You kill the leopard gecko!
You see here a leopard gecko corpse.
A bat comes into view.
Found 7 gold pieces.
A giant cockroach comes into view.
Found 3 fruits.
Found an onyx ring.
Casting: Regeneration
Confirm with . or Enter, or press ? or * to list all spells.
You draw out your weapon's spirit!
The bat barely misses you. The giant cockroach bites you.
You barely miss the giant cockroach.
You bite the giant cockroach, but do no damage.
Your spectral weapon barely misses the giant cockroach.
The bat hits you but does no damage. The giant cockroach barely misses you.
You hit the giant cockroach.
The giant cockroach is heavily wounded.
Your spectral weapon misses the giant cockroach.
The bat barely misses you.
The giant cockroach bites you but does no damage.
The bat misses you.
You hit the giant cockroach but do no damage.
The giant cockroach is heavily wounded.
You hit the bat but do no damage.
Your spectral weapon hits the giant cockroach.
You kill the giant cockroach!
Your spectral weapon hits the bat!
You kill the bat!
No target in view!
No target in view!
No target in view!
Found a meat ration.
A frilled lizard comes into view.
You see here 7 gold pieces.
You now have 104 gold pieces (gained 7).
The frilled lizard hisses angrily.
You see here an onyx ring.
k - an onyx ring Put on which piece of jewellery? (? for menu, Esc to quit)
k - a ring of see invisible (left hand)
You swap places.
The frilled lizard closely misses you.
You barely miss the frilled lizard.
Your spectral weapon hits the frilled lizard!
You kill the frilled lizard!
l - a meat ration Your spectral weapon fades away.
m - 3 fruits
Found a mace.
You see here a mace.
n - a mace
Found 2 fruits.
m - 5 fruits (gained 2)
A kobold comes into view.
A kobold is nearby!
A kobold is nearby!
The kobold shouts!
Found an escape hatch in the ceiling.
You hit the kobold.
The kobold is severely wounded.
The kobold hits you but does no damage.
You hit the kobold.
You kill the kobold!
There is an escape hatch in the ceiling here.
A mysterious force pulls you upwards. The hatch slams shut behind you.
Casting: Spectral Weapon
Confirm with . or Enter, or press ? or * to list all spells.
You draw out your weapon's spirit!
The kobold shouts!
You hit the kobold but do no damage. Your bite misses the kobold.
Your spectral weapon hits the kobold.
You kill the kobold!
You now have 115 gold pieces (gained 11).
You see here a dagger of venom.
You see here a dagger of venom.
o - a dagger of venom
Found 4 javelins.
There is a stone staircase leading down here.
You see here 4 javelins.
p - 4 javelins
There is a stone staircase leading down here.
You climb downwards.
Your summoned ally is left behind.
Your spectral weapon fades away.
There is a stone staircase leading up here.
Found 19 gold pieces.
Found a dark potion.
You now have 134 gold pieces (gained 19).
q - a dark potion
Found a scroll labeled CESEEL IBAIBBU.
r - a scroll labeled CESEEL IBAIBBU Are you sure you want to abandon this character and quit the game? (Confirm with "yes".)

#.# #.#########.# #.#
#.# #.# ###.######.#
#.# #........#.# #.#
#.#.####.#.# #.#
#.#......#.# #.#
#.#.#.##.#.#########.#
#.#.#....#.#.........#
#.#.#..#.#@#.#########
#.#.#..#<###.#
#.#.#..#...#.#
#.#.######.#.# #.#.
.#.# ∆ #.##########.#
#............#
##############


There were no monsters in sight!

Vanquished Creatures
  Eustachio (D:4)
  The ghost of p0werm0de the Skirmisher, a weakling GrCK of Xom (D:3)
  2 adders (D:2)
  An ooze (D:1)
  A dart slug (D:3)
  A leopard gecko (D:3)
  An orc (D:3)
  A ball python (D:1)
  2 bats
  3 giant cockroaches
  3 hobgoblins
  2 jackals (D:4)
  2 frilled lizards
  2 kobolds
  2 rats (D:2)
25 creatures vanquished.

Notes
Turn   | Place    | Note
-------+----------+-------------------------------------------
     0 | D:1      | tidbits the Gnoll Skald began the quest for the Orb.
     0 | D:1      | Reached XP level 1. HP: 20/20 MP: 6/6
    82 | D:1      | Reached XP level 2. HP: 26/26 MP: 5/7
    86 | D:1      | Learned a level 2 spell: Song of Slaying
    89 | D:1      | Learned a level 2 spell: Shroud of Golubria
   245 | D:2      | Reached skill level 5 in Spellcasting
   245 | D:2      | Reached XP level 3. HP: 31/31 MP: 4/9
   393 | D:3      | Noticed p0werm0de's ghost (weakling GrCK)
   400 | D:3      | Learned a level 3 spell: Spectral Weapon
   403 | D:3      | Killed p0werm0de's ghost
   403 | D:3      | Reached skill level 1 in Short Blades
   403 | D:3      | Reached skill level 1 in Long Blades
   403 | D:3      | Reached skill level 1 in Maces & Flails
   403 | D:3      | Reached skill level 1 in Polearms
   403 | D:3      | Reached skill level 1 in Staves
   403 | D:3      | Reached skill level 1 in Slings
   403 | D:3      | Reached skill level 1 in Bows
   403 | D:3      | Reached skill level 1 in Crossbows
   403 | D:3      | Reached skill level 1 in Throwing
   403 | D:3      | Reached skill level 1 in Stealth
   403 | D:3      | Reached skill level 1 in Shields
   403 | D:3      | Reached skill level 1 in Unarmed Combat
   403 | D:3      | Reached skill level 1 in Conjurations
   403 | D:3      | Reached skill level 1 in Hexes
   403 | D:3      | Reached skill level 1 in Summonings
   403 | D:3      | Reached skill level 1 in Necromancy
   403 | D:3      | Reached skill level 1 in Translocations
   403 | D:3      | Reached skill level 1 in Transmutations
   403 | D:3      | Reached skill level 1 in Fire Magic
   403 | D:3      | Reached skill level 1 in Ice Magic
   403 | D:3      | Reached skill level 1 in Air Magic
   403 | D:3      | Reached skill level 1 in Earth Magic
   403 | D:3      | Reached skill level 1 in Poison Magic
   403 | D:3      | Reached skill level 1 in Invocations
   403 | D:3      | Reached skill level 1 in Evocations
   403 | D:3      | Reached XP level 4. HP: 37/38 MP: 7/11
   512 | D:4      | Learned a level 3 spell: Regeneration
   543 | D:4      | Noticed Eustachio
   562 | D:4      | Killed Eustachio
   562 | D:4      | Reached skill level 3 in Armour
   562 | D:4      | Reached XP level 5. HP: 8/43 MP: 0/12
   562 | D:4      | HP: 4/43 [jackal (2)]
   584 | D:4      | Reached XP level 6. HP: 16/50 MP: 2/13
   590 | D:4      | Noticed Pikel
   590 | D:4      | Noticed a slave
   590 | D:4      | Noticed a slave
   590 | D:4      | Noticed a slave
   591 | D:4      | Noticed a slave
   822 | D:3      | Quit the game

Vault maps used:
D:1:      ncdulo_smallfort, minivault_19
D:4:      minmay_temple_entry_crystal_x, first_bread, uniq_eustachio, uniq_pikel

Skill      XL: |  1  2  3  4 |
---------------+-------------+-----
Spellcasting   | 5 |  5.2
Short Blades   | 1 |  1.7
Long Blades    | 1 |  1.7
Maces & Flails | 1 |  1.7
Polearms       | 1 |  1.7
Staves         | 1 |  1.7
Slings         | 1 |  1.7
Bows           | 1 |  1.7
Crossbows      | 1 |  1.7
Throwing       | 1 |  1.7
Stealth        | 1 |  1.7
Shields        | 1 |  1.7
Unarmed Combat | 1 |  1.7
Conjurations   | 1 |  1.7
Hexes          | 1 |  1.7
Summonings     | 1 |  1.7
Necromancy     | 1 |  1.7
Translocations | 1 |  1.7
Transmutations | 1 |  1.7
Fire Magic     | 1 |  1.7
Ice Magic      | 1 |  1.7
Air Magic      | 1 |  1.7
Earth Magic    | 1 |  1.7
Poison Magic   | 1 |  1.7
Invocations    | 1 |  1.7
Evocations     | 1 |  1.7
Armour         | 3 |  3.1
Fighting       | |  4.9
Axes           | |  4.9
Dodging        | |  4.9
Charms         | |  6.7

Action                   |  1- 3 |  4- 6 || total
-------------------------+-------+-------++-------
Melee: Hand axe          |    27 |    43 ||    70
       Bite              |     3 |     8 ||    11
       Punch             |     1 |       ||     1
 Cast: Infusion          |     5 |     2 ||     7
       Spectral Weapon   |     1 |     3 ||     4
       Regeneration      |       |     1 ||     1
  Use: Potion            |     3 |     1 ||     4
Armor: Leather armour    |     5 |       ||     5
       Ring mail         |       |    18 ||    18
Dodge: Dodged            |    22 |    41 ||    63

Table legend:
 A = Spawn XP
 B = Non-spawn XP
 C = Spawn XP percentage of total XP
 D = Spawn monster count
 E = Non-spawn monster count
 F = Spawn count percentage of total count
 G = Total turns spent on level
                    A         B        C        D         E        F      G
               +---------+---------+-------+---------+---------+-------+---------
         Total |       0 |     329 |   0.0 |       0 |      25 |   0.0 |   822
               +---------+---------+-------+---------+---------+-------+---------
           D:1 |       0 |      16 |   0.0 |       0 |       6 |   0.0 |   144
           D:2 |       0 |      34 |   0.0 |       0 |       7 |   0.0 |   284
           D:3 |       0 |      70 |   0.0 |       0 |       8 |   0.0 |   294
           D:4 |       0 |     209 |   0.0 |       0 |       4 |   0.0 |   100
               +---------+---------+-------+---------+---------+-------+---------

Table legend:
 A = Turns spent in this place as a percentage of turns spent in the entire game.
 B = Non-inter-level travel turns spent in this place as a percentage of non-inter-level travel turns spent in the entire game.
 C = Inter-level travel turns spent in this place as a percentage of turns spent in this place.
 D = Turns resting spent in this place as a percentage of non-inter-level travel turns spent in this place.
 E = Turns spent auto-exploring this place as a percentage of non-inter-level travel turns spent in this place.
 F = Non-inter-level travel turns spent in this place divided by the number of levels of this place that you've seen.
                   A       B       C       D       E      F
               +-------+-------+-------+-------+-------+----------------------
         Total | 100.0 | 100.0 |   0.0 |   0.0 |   0.0 | 205.5
       Dungeon | 100.0 | 100.0 |   0.0 |   0.0 |   0.0 | 205.5
               +-------+-------+-------+-------+-------+----------------------

Table legend:
 A = Kills in this place as a percentage of kills in entire the game.
 B = Kills by you in this place as a percentage of kills by you in the entire game.
 C = Kills by friends in this place as a percentage of kills by friends in the entire game.
 D = Other kills in this place as a percentage of other kills in the entire game.
 E = Experience gained in this place as a percentage of experience gained in the entire game.
 F = Experience gained in this place divided by the number of levels of this place that you have seen.
                   A       B       C       D       E      F
               +-------+-------+-------+-------+-------+----------------------
         Total | 100.0 | 100.0 |   N/A |   N/A | 100.0 |  82.2
       Dungeon | 100.0 | 100.0 |   N/A |   N/A | 100.0 |  82.2
               +-------+-------+-------+-------+-------+----------------------

Vault maps used:
D:1:      ncdulo_smallfort, minivault_19
D:4:      minmay_temple_entry_crystal_x, first_bread, uniq_eustachio, uniq_pikel
